 Dungeon Crawl Stone Soup version 0.27-a0-836-gfc908b8576 (webtiles) character file.

Game seed: 4231458664477094216

22 polve the Skirmisher (level 2, 0/24 HPs)
             Began as a Demonspawn Abyssal Knight on Apr 1, 2021.
             Was a Follower of Lugonu.
             Killed by nerve-wracking pain
             ... invoked by Jessica
              (11 damage)
             ... on level 2 of the Dungeon.
             The game lasted 00:01:10 (1031 turns).

polve the Skirmisher (Demonspawn Abyssal Knight)    Turns: 1031, Time: 00:01:10

Health: 0/24       AC:  3    Str: 12    XL:     2   Next: 68%
Magic:  3/3        EV: 11    Int: 13    God:    Lugonu [*.....]
Gold:   64         SH:  0    Dex: 12    Spells: 1/1 levels left

rFire    . . .     SeeInvis .   a - +1 falchion
rCold    . . .     Faith    .   (no shield)
rNeg     . . .     Spirit   .   b - +0 leather armour
rPois    .         Reflect  .   (no helmet)
rElec    .         Harm     .   (no cloak)
rCorr    .         Rampage  .   (no gloves)
Will     .....                  (no boots)
Stlth    +.........             (no amulet)
HPRegen  0.08/turn              (no ring)
MPRegen  0.08/turn              (no ring)

@: no status effects
A: hooves 1
a: Renounce Religion, Depart the Abyss


You were on level 2 of the Dungeon.
You worshipped Lugonu.
Lugonu was aware of your devotion.
You visited 1 branch of the dungeon, and saw 2 of its levels.
You visited the Abyss 1 time.

You collected 64 gold pieces.

Inventory:

Hand Weapons
 a - a +1 falchion (weapon)
Armour
 b - a +0 leather armour (worn)
Scrolls
 c - 3 scrolls of identify {unknown}
 e - a scroll of noise {unknown}
 f - a scroll of amnesia {unknown}
Potions
 d - a potion of curing {unknown}
 g - a potion of lignification {unknown}


   Skills:
 - Level 3.0 Fighting
 + Level 3.0 Long Blades
 - Level 1.7 Armour
 - Level 0.8 Dodging
 - Level 2.4 Invocations


You had one spell level left.
You didn't know any spells.
Your spell library was empty.

Dungeon Overview and Level Annotations

Branches:
Dungeon (2/15)

Altars:

Annotations:
D:2 Jessica


Innate Abilities, Weirdness & Mutations

You have large cloven feet.


Message History

You are too injured to fight recklessly!
You are too injured to fight recklessly!
You are too injured to fight recklessly!
You are too injured to fight recklessly!
You hit the worm.
The worm is moderately wounded.
You slash the worm!
The worm is severely wounded.
The worm bites you.
You hit the worm. Your kick misses the worm.
The worm is almost dead.
The worm bites you but does no damage.
You slash the worm!
You kill the worm!
Lugonu accepts your kill.
Your Long Blades skill increases to level 3!
You hit the endoplasm.
The endoplasm is heavily wounded.
The endoplasm hits you but does no damage.
You barely miss the endoplasm. Your kick misses the endoplasm.
The endoplasm is moderately wounded.
The endoplasm closely misses you.
You slash the endoplasm!
You kill the endoplasm!
Lugonu accepts your kill.
There is a stone staircase leading down here.
Jessica the Apprentice Sorceress comes into view.
She is wielding a +4 dagger.
Jessica shouts!
Jessica is nearby!
Jessica is nearby!
Jessica is nearby!
Jessica casts a spell at you. Pain shoots through your body!
Ouch! That really hurt!
A quokka comes into view.
Jessica casts a spell.
Jessica seems to speed up.
Jessica points at you and mumbles some strange words.
Pain shoots through your body!
You die...

#########################
.............@....@......
#.######.##########.######
.........# .# ########.#
.# #.# .# #.# .. #.#######
.r #>....... ..
###.#######


You could see Jessica (fast).

Vanquished Creatures
  A worm (D:2)
  2 dart slugs (D:1)
  2 endoplasms
  A goblin (D:1)
  A hobgoblin (D:2)
  3 jackals (D:1)
  A ball python (D:1)
  A bat (D:1)
  2 frilled lizards
  A rat (D:1)
15 creatures vanquished.

Notes
Turn   | Place    | Note
-------+----------+-------------------------------------------
     0 | Abyss:1  | polve the Demonspawn Abyssal Knight began the quest for the
                  | Orb.
     0 | Abyss:1  | Reached XP level 1. HP: 18/18 MP: 2/2
    58 | Abyss:1  | Noticed a small abomination
    70 | Abyss:1  | Noticed an ancient zyme
    85 | Abyss:1  | Noticed a thrashing horror
    87 | D:1      | Escaped the Abyss
   390 | D:1      | Reached * piety under Lugonu
   391 | D:1      | Gained mutation: You have large cloven feet. [demonic
                  | ancestry]
   391 | D:1      | Reached XP level 2. HP: 23/24 MP: 3/3
  1025 | D:2      | Noticed Jessica
  1031 | D:2      | Killed from afar by Jessica

Illustrated notes

Levels and vault maps discovered:
D:1:      shiori_arrival_elements, layout_basic
D:2:      layout_basic, minmay_misc_feat_pillars, hangedman_decor_points,
          uniq_jessica, uniq_terence

Skill      XL: |  1  2 |
---------------+-------+-----
Long Blades    | 2 3 |  3.0
Fighting       | |  3.0
Armour         | |  1.7
Dodging        | |  0.8
Invocations    | |  2.4

Action                   || total
-------------------------++-------
Melee: Falchion          ||    29
       Kick              ||     2
Invok: Depart the Abyss  ||     1
Armor: Leather armour    ||     6
Dodge: Dodged            ||    18
       Rpst.: Falchion   ||     6

Table legend: (Time is in decaauts)
 A = Elapsed time spent in this place.
 B = Non-inter-level travel time spent in this place.
 C = Inter-level travel time spent in this place.
 D = Time resting spent in this place.
 E = Time spent auto-exploring this place.
 F = Levels seen in this place.
 G = Mean time per level.
                   A        B        C        D        E       F      G
               +--------+--------+--------+--------+--------+-----+--------+
         Total |   1035 |   1024 |     11 |      0 |    909 |   3 |  345.0 |
       Dungeon |    948 |    937 |     11 |      0 |    854 |   2 |  474.0 |
         Abyss |     87 |     87 |      0 |      0 |     55 |   1 |   87.0 |
               +--------+--------+--------+--------+--------+-----+--------+

Top non-repeatable levels by time:
     D:1: 694 daAuts
     D:2: 254 daAuts
 Abyss:1: 87 daAuts
